 Dungeon Crawl Stone Soup version 0.27.1-3-gb3d3a73c9e (webtiles) character file.

Game seed: 2350591386181443631

58 Icepheonix32 the Skirmisher (level 3, -1/29 HPs)
             Began as a Demonspawn Fighter on Oct 27, 2021.
             Killed by nerve-wracking pain
             ... invoked by an orc priest
              (11 damage)
             ... on level 3 of the Dungeon.
             The game lasted 00:01:37 (1644 turns).

Icepheonix32 the Skirmisher (Demonspawn Fighter)    Turns: 1644, Time: 00:01:38

Health: -1/29      AC: 11    Str: 17    XL:     3   Next: 75%
Magic:  3/3        EV:  7    Int:  9    God:
Gold:   114        SH:  9    Dex: 12    Spells: 2/2 levels left

rFire    . . .     SeeInvis .   a - +0 rapier
rCold    . . .     Faith    .   c - +0 kite shield
rNeg     . . .     Spirit   .   b - +0 scale mail
rPois    .         Reflect  .   (no helmet)
rElec    .         Harm     .   k - +0 cloak
rCorr    .         Rampage  .   j - +0 pair of gloves
Will     .....                  (no boots)
Stlth    ..........             (no amulet)
HPRegen  0.09/turn              (no ring)
MPRegen  0.08/turn              (no ring)

@: no status effects
A: slimy green scales 1
a: no special abilities


You were on level 3 of the Dungeon.
You visited 1 branch of the dungeon, and saw 3 of its levels.

You collected 114 gold pieces.

Inventory:

Hand Weapons
 a - a +0 rapier (weapon)
Armour
 b - a +0 scale mail (worn)
 c - a +0 kite shield (worn)
 j - a +0 pair of gloves (worn)
 k - a +0 cloak (worn)
Scrolls
 e - a scroll of amnesia
 g - 2 scrolls of teleportation
Potions
 d - a potion of might
 f - a potion of heal wounds {unknown}
 h - 2 potions of flight
 l - 2 potions of magic {unknown}


   Skills:
 + Level 3.4 Fighting
 - Level 2.0 Short Blades
 * Level 3.4 Armour
 + Level 0.1 Dodging
 + Level 3.2 Shields


You had 2 spell levels left.
You didn't know any spells.
Your spell library was empty.

Dungeon Overview and Level Annotations

Branches:
Dungeon (3/15)

Altars:
Vehumet

Shops:
D:1 [


Innate Abilities, Weirdness & Mutations

You are partially covered in slimy green scales. (AC +2)


Message History

The orc priest is moderately wounded.
The orc priest invokes the aid of Beogh against you.
Beogh smites you!
Ouch! That really hurt!
You are too injured to fight recklessly!
You are too injured to fight recklessly!
You are too injured to fight recklessly!
You are too injured to fight recklessly!
You are too injured to fight recklessly!
You are too injured to fight recklessly!
You are too injured to fight recklessly!
You are too injured to fight recklessly!
You are too injured to fight recklessly!
You are too injured to fight recklessly!
You are too injured to fight recklessly!
You are too injured to fight recklessly!
You are too injured to fight recklessly!
You are too injured to fight recklessly!
You are too injured to fight recklessly!
You are too injured to fight recklessly!
You are too injured to fight recklessly!
You are too injured to fight recklessly!
You are too injured to fight recklessly!
You hit the orc priest.
The orc priest is severely wounded.
The orc priest barely misses you.
You closely miss the orc priest.
The orc priest is severely wounded.
The orc priest hits you with a +0 club. You block the orc priest's attack.
You completely miss the orc priest.
The orc priest is severely wounded.
You block the orc priest's attack.
You hit the orc priest.
The orc priest is almost dead.
The orc priest hits you with a +0 club.
You hit the orc priest but do no damage.
The orc priest is severely wounded.
The orc priest invokes the aid of Beogh against you.
Pain shoots through your body!
You die...

.##.# ..#.#####...
.....†....#
<.#.#######
.##...#
#####.############
#.#..........#
#.#.########.#
#####.#.###### #@#
.............# #o#
#######.####.# #{#
#.# #o# #.# #o#
#.. ..# ### ###


You could see an orc priest and 2 orcs.

Vanquished Creatures
  2 adders (D:2)
  A worm (D:2)
  A dart slug (D:2)
  An orc (D:3)
  2 ball pythons
  2 bats
  An endoplasm (D:2)
  3 goblins
  2 hobgoblins (D:2)
  3 jackals (D:2)
  3 quokkas
  2 frilled lizards
  7 kobolds
  2 rats
32 creatures vanquished.

Notes
Turn   | Place    | Note
-------+----------+-------------------------------------------
     0 | D:1      | Icepheonix32 the Demonspawn Fighter began the quest for the
                  | Orb.
     0 | D:1      | Reached XP level 1. HP: 18/18 MP: 1/1
   268 | D:1      | Found Laucut's Armour Shop.
   330 | D:1      | Gained mutation: You are partially covered in slimy green
                  | scales. (AC +2) [demonic ancestry]
   330 | D:1      | Reached XP level 2. HP: 23/24 MP: 2/2
   541 | D:2      | Found a faded altar of an unknown god.
   758 | D:2      | Reached XP level 3. HP: 29/29 MP: 3/3
  1066 | D:2      | Found a radiant altar of Vehumet.
  1644 | D:3      | Killed from afar by an orc priest

Illustrated notes

Levels and vault maps discovered:
D:1:      co_arrival_hall_of_pillars, layout_rooms, serial_shops,
          nicolae_square_shop
D:2:      layout_basic, basic_altar, basic_ecumenical_altar,
          minmay_goblin_kobold_house
D:3:      layout_loops_ring

Skill      XL: |  1  2 |
---------------+-------+-----
Shields        | 3 |  3.2
Short Blades   | 2 |  2.0
Armour         | 3 |  3.4
Fighting       | |  3.4
Dodging        | |  0.1

Action                   || total
-------------------------++-------
Melee: Rapier            ||   110
  Use: Scroll            ||     3
Armor: Scale mail        ||    60
Dodge: Dodged            ||    30
Block: Kite shield       ||    47
